 Dungeon Crawl Stone Soup version 0.29-a0-330-g52719c12eb (webtiles) character file.

Game seed: 5824666208415566479

42 GigaChad the Skirmisher (level 3, -1/34 HPs)
             Began as a Minotaur Chaos Knight on Apr 12, 2022.
             Was a Plaything of Xom.
             Succumbed to a goblin's poison
             ... on level 3 of the Dungeon.
             The game lasted 00:04:20 (882 turns).

GigaChad the Skirmisher (Minotaur Chaos Knight)      Turns: 882, Time: 00:04:21

Health: -1/34      AC:  9    Str: 16    XL:     3   Next: 35%
Magic:  11/11      EV:  6    Int:  9    God:    Xom [*.....]
Gold:   79         SH:  3    Dex: 11    Spells: 2/2 levels left

rFire   . . .      SeeInvis .   a - +0 falchion (chaos)
rCold   . . .      Faith    .   h - +0 buckler
rNeg    . . .      Spirit   .   o - +0 chain mail
rPois   .          Reflect  .   (helmet restricted)
rElec   .          Harm     .   (no cloak)
rCorr   .          Rampage  .   (no gloves)
Will    .....                   (no boots)
Stlth   ..........              (no amulet)
HPRegen 0.11/turn               m - ring of magical power
MPRegen 0.12/turn               (no ring)

@: lethally poisoned (-1 -> -25)
A: horns 2, retaliatory headbutt
a: Renounce Religion


You were on level 3 of the Dungeon.
You worshipped Xom.
You were a special plaything of Xom.
You visited 1 branch of the dungeon, and saw 3 of its levels.

You collected 79 gold pieces.

Inventory:

Hand Weapons
 a - a +0 falchion of chaos (weapon)
 f - a +3 dagger
Missiles
 s - 6 datura-tipped darts (quivered)
Armour
 b - a +2 leather armour
 h - a +0 buckler (worn)
 n - a +0 ring mail
 o - a +0 chain mail (worn)
Magical Staves
 j - a staff of conjuration
Jewellery
 m - a ring of magical power (left hand)
Wands
 t - a wand of iceblast (9)
Scrolls
 e - a scroll of enchant weapon {unknown}
 g - a scroll of teleportation {unknown}
 i - a scroll of identify {unknown}
 k - a scroll of noise {unknown}
 r - a scroll of immolation {unknown}
Potions
 d - a potion of curing {unknown}
 l - a potion of heal wounds {unknown}
 p - a potion of haste {unknown}
 q - a potion of might {unknown}
Miscellaneous
 c - a piece from Xom's chessboard (15/15)


   Skills:
 + Level 4.6 Fighting
 + Level 4.2 Long Blades
 + Level 2.8 Armour
 + Level 1.2 Dodging


You had 2 spell levels left.
You didn't know any spells.
Your spell library contained the following spells:

 Spells                   Type           Power      Damage    Failure   Level
 Shock                    Conj/Air       0%         1d3       100%        1
 Summon Small Mammal      Summ           0%         N/A       100%        1
 Call Canine Familiar     Summ           0%         N/A       100%        3
 Summon Guardian Golem    Hex/Summ       0%         N/A       100%        3
 Swiftness                Air            0%         N/A       100%        3
 Airstrike                Air            0%         N/A       100%        4


Dungeon Overview and Level Annotations

Branches:
Dungeon (3/15)

Altars:

Shops:
D:2 (


Innate Abilities, Weirdness & Mutations

You have a pair of horns on your head.
You reflexively headbutt those who attack you in melee.


Message History

Xom thinks this is hilarious!
You headbutt something. Something hits you but does no damage.
You hit something.
Nothing appears to happen.
Something hits you.
You hit something. You freeze something. Something hits you.
You hit something. You burn something.
Reactivating autopickup.
You feel a bit more experienced.
You hit the goblin.
You kill the goblin!
Items here: )) [[ †.
A goblin comes into view. It is wielding a +0 dagger of venom.
The goblin shouts!
You hear a shout!
A goblin comes into view. It is wielding a +0 dagger.
You hear a shout! x2
A goblin comes into view. It is wielding a +0 dagger.
The goblin shouts!
The goblin completely misses you. 3 goblins come into view.
The goblin shouts! x2
The goblin hits you but does no damage.
The goblin hits you with a +0 dagger of venom.
You are poisoned.
The goblin attacks as you move away! The goblin hits you but does no damage.
You feel very sick.
You feel very sick.
You feel sick. The goblin attacks as you move away!
The goblin hits you but does no damage.
You are lethally poisoned!
* * * LOW HITPOINT WARNING * * *
You feel very sick.
You are too injured to fight recklessly!
You hit the goblin but do no damage.
The goblin goes berserk!
You headbutt the goblin.
The goblin is lightly wounded.
* * * LOW HITPOINT WARNING * * *
You feel very sick. The goblin hits you but does no damage.
You are more poisoned.
You die...
Xom is highly amused!

#...# ####### #...#
......###########...#
....................+
#####.#######.##)...#
#..# #.##.#### ##.#
#.##.# .# #.##)# .#
#.##@# . .. #.##.# ..
#. #.##g# #... #g#


gg... #######g#...... ......gg....... .######g....... #........ #..###### You
could see 6 goblins.

Vanquished Creatures
  Robin (D:3)
  A worm (D:2)
  A dart slug (D:2)
  A ball python (D:2)
  3 bats (D:2)
  An endoplasm (D:3)
  2 giant cockroaches
  6 goblins
  3 hobgoblins
  3 kobolds
  A rat (D:2)
23 creatures vanquished.

Notes
Turn   | Place    | Note
-------+----------+-------------------------------------------
     0 | D:1      | GigaChad the Minotaur Chaos Knight began the quest for the
                  | Orb.
     0 | D:1      | Reached XP level 1. HP: 19/19 MP: 0/0
   147 | D:1      | You fall into a shaft and drop 1 floor!
   203 | D:2      | Reached XP level 2. HP: 27/27 MP: 1/1
   270 | D:2      | XOM: silly message
   276 | D:2      | XOM: fog
   278 | D:2      | XOM: 3-stop teleportation journey
   296 | D:2      | XOM: 1-stop teleportation journey
   597 | D:2      | Found Falob's Weapon Shop.
   852 | D:3      | Reached XP level 3. HP: 25/34 MP: 2/2
   857 | D:3      | Noticed Robin
   868 | D:3      | Killed Robin
   882 | D:3      | Succumbed to a goblin's poison

Illustrated notes

Levels and vault maps discovered:
D:1:      amcnicky_arrival_flooded_fountain, layout_basic
D:2:      layout_basic, serial_shops, shop, minmay_misc_feat_plants
D:3:      layout_basic, minivault_19, uniq_robin

Skill      XL: |  1  2 |
---------------+-------+-----
Fighting       | 4 |  4.6
Long Blades    | 4 |  4.2
Armour         | |  2.8
Dodging        | |  1.2

Action                   || total
-------------------------++-------
Melee: Falchion          ||    49
       Headbutt          ||     5
 Stab: Sleeping          ||     1
Armor: Leather armour    ||    17
       Ring mail         ||     8
       Chain mail        ||    14
Dodge: Dodged            ||    23
Block: Buckler           ||     3

Table legend: (Time is in decaauts)
 A = Elapsed time spent in this place.
 B = Non-inter-level travel time spent in this place.
 C = Inter-level travel time spent in this place.
 D = Time resting spent in this place.
 E = Time spent auto-exploring this place.
 F = Levels seen in this place.
 G = Mean time per level.
                   A        B        C        D        E       F      G
               +--------+--------+--------+--------+--------+-----+--------+
         Total |    887 |    887 |      0 |      0 |     69 |   3 |  295.7 |
       Dungeon |    887 |    887 |      0 |      0 |     69 |   3 |  295.7 |
               +--------+--------+--------+--------+--------+-----+--------+

Top non-repeatable levels by time:
     D:2: 549 daAuts
     D:3: 189 daAuts
     D:1: 148 daAuts
